 Dungeon Crawl Stone Soup version 0.28.0-49-g6dfe1f597d (webtiles) character file.

Game seed: 16491678233487827158

94 Exodus22XD the Sneak (level 4, -1/24 HPs)
             Began as a Kobold Enchanter on May 19, 2022.
             Succumbed to a scorpion's poison
             ... on level 3 of the Dungeon.
             The game lasted 00:02:00 (2517 turns).

Exodus22XD the Sneak (Kobold Enchanter)             Turns: 2517, Time: 00:02:00

Health: -1/24      AC:  5    Str:  5    XL:     4   Next: 94%
Magic:  7/7        EV: 15    Int: 16    God:
Gold:   43         SH:  0    Dex: 17    Spells: 7/7 levels left

rFire   + . .      SeeInvis .   a - +1 dagger
rCold   + + .      Faith    .   (no shield)
rNeg    . . .      Spirit   .   e - +2 robe {rC+ rF+}
rPois   .          Reflect  .   (no helmet)
rElec   .          Harm     .   (no cloak)
rCorr   .          Rampage  .   g - +0 pair of gloves
Will    .....                   (no boots)
Stlth   +++++.....              (no amulet)
HPRegen 0.08/turn               i - ring of protection from cold
MPRegen 0.10/turn               (no ring)

@: lethally poisoned (-1 -> -9), invisible
A: small, no large weapons, nightstalker 3
a: no special abilities


You were on level 3 of the Dungeon.
You visited 1 branch of the dungeon, and saw 3 of its levels.

You collected 43 gold pieces.

Inventory:

Hand Weapons
 a - a +1 dagger (weapon)
Armour
 e - a +2 robe of resistance (worn)
 g - a +0 pair of gloves (worn)
Jewellery
 i - a ring of protection from cold (left hand)
 o - a ring of see invisible
Scrolls
 b - 2 scrolls of vulnerability {unknown}
 f - 2 scrolls of fear {unknown}
 h - a scroll of torment {unknown}
 k - 3 scrolls of identify {unknown}
 m - a scroll of teleportation {unknown}
 n - a scroll of enchant armour {unknown}
Potions
 d - a potion of haste {unknown}
 j - a potion of mutation {unknown}
 l - a potion of flight {unknown}


   Skills:
 - Level 1.3 Short Blades
 - Level 2.4 Dodging
 + Level 7.4 Stealth
 - Level 2.1 Spellcasting
 - Level 3.0 Hexes


You had 7 spell levels left.
You didn't know any spells.
Your spell library contained the following spells:

 Spells                   Type           Power      Damage    Failure   Level
 Ensorcelled Hibernation  Hex/Ice        12%        N/A       17%         2
 Confusing Touch          Hex            11%        N/A       19%         3
 Tukima's Dance           Hex            11%        N/A       19%         3
 Animate Skeleton         Necr           2%         N/A       21%         1
 Pain                     Necr           4%         1d4       21%         1
 Dazzling Flash           Conj/Hex       12%        N/A       32%         3
 Vampiric Draining        Necr           1%         2d6       52%         3


Dungeon Overview and Level Annotations

Branches:
Dungeon (3/15)

Altars:

Shops:
D:1 (


Innate Abilities, Weirdness & Mutations

You are small and have problems with some larger weapons.
You are completely attuned to the shadows.


Message History

You kill the rat!
No target in view!
No target in view!
Found a helmet.
A ball python comes into view.
A ball python is nearby!
A scorpion comes into view.
The ball python bites you but does no damage.
The ball python grabs you. The ball python constricts you.
There are monsters nearby!
You barely miss the ball python. The ball python closely misses you.
The ball python constricts you.
There are monsters nearby!
You closely miss the ball python. The ball python bites you.
The ball python constricts you. The ball python misses you.
The ball python constricts you.
You hit the ball python.
The ball python is moderately wounded.
The ball python bites you. The ball python constricts you.
You hit the ball python.
You kill the ball python!
The scorpion stings you.
You barely miss the scorpion. The scorpion misses you.
You don't know any spells.
Sorry, you're not good enough to have a special ability.
Unknown command.
Okay, then.
The scorpion stings you but does no damage.
The scorpion stings you.
You are lethally poisoned!
The scorpion poisons you!
* * * LOW HITPOINT WARNING * * *
You feel very sick.
* * * LOW HITPOINT WARNING * * *
You feel sick.
You fade into invisibility!
* * * LOW HITPOINT WARNING * * *
You feel sick.
The scorpion stings you but does no damage.
You die...

###### ##### #.. ..#
...# #.# #.# ##
#.#####.####.###.######.
#......@...............#
#.##.#.#.##...#.######.
#.#.#s#.#......# #.
##..#.#.##.....# #.
##.....#.###.#### ###.
#.#.######.# #.# #...
#.........# #.# ####
#[######### #+# ŤŠ#. ###


You could see a scorpion.

Vanquished Creatures
  An orc wizard (D:3)
  A gnoll (D:1)
  An adder (D:2)
  A worm (D:2)
  A dart slug (D:1)
  2 orcs (D:3)
  4 ball pythons
  8 bats
  2 endoplasms (D:1)
  A giant cockroach (D:3)
  6 goblins
  2 hobgoblins
  4 jackals (D:2)
  2 kobolds
  A quokka (D:1)
  2 frilled lizards
  6 rats
45 creatures vanquished.

Notes
Turn   | Place    | Note
-------+----------+-------------------------------------------
     0 | D:1      | Exodus22XD the Kobold Enchanter began the quest for the
                  | Orb.
     0 | D:1      | Reached XP level 1. HP: 10/10 MP: 3/3
   258 | D:1      | Found Mumieta's Antique Weapon Boutique.
   495 | D:1      | Reached XP level 2. HP: 15/15 MP: 5/5
   602 | D:1      | Reached skill level 5 in Stealth
   729 | D:1      | Reached XP level 3. HP: 19/19 MP: 6/6
  1343 | D:2      | Reached skill level 6 in Stealth
  1682 | D:2      | Reached XP level 4. HP: 24/24 MP: 7/7
  2213 | D:3      | Reached skill level 7 in Stealth
  2496 | D:3      | Noticed a scorpion
  2516 | D:3      | HP: 1/24 [poisoned by a scorpion]
  2517 | D:3      | Succumbed to a scorpion's poison

Illustrated notes

Levels and vault maps discovered:
D:1:      kilobyte_arrival_exit_the_forest, layout_basic, serial_shops,
          nicolae_shop_waterfront
D:2:      layout_loops_ring
D:3:      layout_loops_corners, corexii_corridor_pit, kennysheep_generic_room_4

Skill      XL: |  1  2  3  4 |
---------------+-------------+-----
Stealth        | 5 6 7 |  7.4
Short Blades   | |  1.3
Dodging        | |  2.4
Spellcasting   | |  2.1
Hexes          | |  3.0

Action                   |  1- 3 |  4- 6 || total
-------------------------+-------+-------++-------
Melee: Dagger            |    76 |    75 ||   151
  Use: Potion            |       |     1 ||     1
 Stab: Sleeping          |    21 |     5 ||    26
Armor: Robe              |    17 |    23 ||    40
Dodge: Dodged            |    41 |    67 ||   108
